Workbook

Sheet Mapa Depreciações
A1: Mapa de Ativos Fixos
A6: Descrição | B6: Quantidade | C6: Custo de Aquisição | D6: DepreciaçõesAmortizações Semestre | E6: Depreciações Amortizações Anuais 2015 | F6: Taxa | G6: Vida útil (anos) | H6: Depreciações Amortizações | J6: Quantia Escriturada
H8: Método | I8: Regime
A9: 43 - Ativos Fixos Tangíveis
A10: 433 - Eq. Básico
A11: Computador Pro | B11: 2 | C11: =2*937.5 -> 1875 | D11: =(E11/12)*6 -> 312.5 | E11: =C11/G11 -> 625 | F11: 33.33% | G11: 3 | H11: Duodécimos | I11: Anual | J11: =C11-E11 -> 1250
A12: Impressora multifunções | B12: 1 | C12: 163.63 | D12: =(E12/12)*6 -> 27.271667 | E12: =C12/G12 -> 54.543333 | F12: 0.3333 | G12: 3 | H12: Duodécimos | I12: Anual | J12: =C12-E12 -> 109.08667
A13: Total do Eq. Básico | C13: =SUM(C11:C12) -> 2038.63 | D13: =SUM(D11:D12) -> 339.77167 | E13: =SUM(E11+E12) -> 679.54333 | J13: =SUM(J11:J12) -> 1359.0867
A15: 434 - Eq. Transporte
A16: mercedez-benz-A 160 CDI - leasing | B16: 1 | C16: 34751.64 | D16: =(E16/12)*6 -> 4343.955 | E16: =C16/G16 -> 8687.91 | F16: 0.25 | G16: 4 | H16: Duodécimos | I16: Anual | J16: =C16-E16 -> 26063.73
A17: Total do Eq. Transporte | C17: =SUM(C16) -> 34751.64 | D17: =SUM(D16:D16) -> 4343.955 | E17: =SUM(E16:E16) -> 8687.91 | J17: =SUM(J16:J16) -> 26063.73
A19: 435 - Eq.Administrativo
A20: Cadeira para serviço administrativo | B20: 5 | C20: =84.56*B20 -> 422.8 | D20: =(E20/12)*5 -> 22.020833 | E20: =C20/G20 -> 52.85 | F20: 0.125 | G20: 8 | H20: Duodécimos | I20: Anual | J20: =C20-E20 -> 369.95
A21: Secretária para serviço administrativo | B21: 2 | C21: =B21*384.38 -> 768.76 | D21: =(E21/12)*5 -> 40.039583 | E21: =C21/G21 -> 96.095 | F21: 0.125 | G21: 8 | H21: Duodécimos | I21: Anual | J21: =C21-E21 -> 672.665
A22: Mesa para sala de reuniões | B22: 1 | C22: 238.31 | D22: =(E22/12)*5 -> 12.411979 | E22: =C22/G22 -> 29.78875 | F22: 0.125 | G22: 8 | H22: Duodécimos | I22: Anual | J22: =C22-E22 -> 208.52125
A23: Total do Eq. Administrativo | C23: =SUM(C20:C22) -> 1429.87 | D23: =D20+D21+D22 -> 74.472396 | E23: =E20+E21+E22 -> 178.73375 | J23: =J20+J21+J22 -> 1251.1363
A25: 437 - Outros AFT
A26: Máquina de café | B26: 1 | C26: 2601.92 | D26: =(E26/12)*2 -> 61.950476 | E26: =C26/G26 -> 371.70286 | F26: 0.1403 | G26: 7 | H26: Duodécimos | I26: Anual | J26: =C26-E26 -> 2230.2171
A27: Total de Outros AFT | C27: =SUM(C26) -> 2601.92 | D27: =SUM(D26:D26) -> 61.950476 | E27: =SUM(E26:E26) -> 371.70286 | J27: =SUM(J26:J26) -> 2230.2171
A28: Total dos Ativos Fixos Tangíveis | C28: =C27+C23+C17+C13 -> 40822.06 | D28: =D27+D23+D17+D13 -> 4820.1495 | E28: =E27+E23+E17+E13 -> 9917.8899 | J28: =J27+J23+J17+J13 -> 30904.17
A30: 44 - Ativos Intangíveis
A31: 44 - Ativos Intangíveis
A32: Software antivirus | B32: 1 | C32: 56.25 | D32: =(E32/12)*3 -> 4.6875 | E32: =C32/G32 -> 18.75 | F32: 0.3333 | G32: 3 | H32: Duodécimos | I32: Anual | J32: =C32-E32 -> 37.5
A33: Software Construção Civil | B33: 1 | C33: 8750 | D33: =(E33/12)*3 -> 729.16667 | E33: =C33/G33 -> 2916.6667 | F33: 0.3333 | G33: 3 | H33: Duodécimos | I33: Anual | J33: =C33-E33 -> 5833.3333
A34: Total de Ativos Intangíveis | C34: =SUM(C32:C33) -> 8806.25 | D34: =D33 -> 729.16667 | E34: =E33 -> 2916.6667 | J34: =J33 -> 5833.3333
A35: TOTAL GERAL OU A TRANSPORTAR | C35: =C34+C28 -> 49628.31 | D35: =D34+D28 -> 5549.3162 | E35: =E34+E28 -> 12834.557 | J35: =J34+J28 -> 36737.503

Sheet Diferimentos
A1: Diferimentos
A6: Data Inicio | B6: Data fim | C6: Conta | D6: Descritivo | E6: Dias | F6: Valor Total | G6: Nº de dias | H6: total a | I6: Notas
G7: a diferir | H7: diferir
A8: 42010 | B8: 42375 | C8: 626 | D8: Seguro acidentes de trabalho | E8: 365 | F8: 4148.15 | G8: 190 | H8: =F8/E8*G8 -> 2159.311
A9: 42099 | B9: 42465 | C9: 638 | D9: Seguro de vida | E9: 365 | F9: 865.74 | G9: 279 | H9: =F9/E9*G9 -> 661.75742
A10: 42124 | B10: 42855 | C10: 626 | D10: Contrato leasing | E10: 365 | F10: 28253.37 | G10: 304 | H10: =F10/E10*G10 -> 23531.574
A11: 42155 | B11: 42521 | C11: 626 | D11: Seguro : SE-03-70 * | E11: 365 | F11: 1023.93 | G11: 335 | H11: =F11/E11*G11 -> 939.77137
A12: 42162 | B12: 42528 | D12: Garantia bancária obra 04 | E12: 365 | F12: 132.8 | G12: 342 | H12: =F12/E12*G12 -> 124.43178
A13: 42162 | B13: 42528 | D13: Garantia bancária obra 06 | E13: 365 | F13: 125.3 | G13: 342 | H13: =F13/E13*G13 -> 117.40438
D14: % faturação > % acabamento | H14: 136766.53
F15: =SUM(F8:F13) -> 34549.29 | H15: =SUM(H8:H14) -> 164300.78
A16: 42010 | B16: 42010 | C16: 6833 | D16: Quotas ACISE | E16: 365 | F16: 2543.75 | G16: 190 | H16: =F16/E16*G16 -> 1324.1438
H17: =H16 -> 1324.1438
A18: TOTAL | F18: =F25+F17+F15 -> 34549.29 | H18: =H25+H17+H15 -> 165624.92

Sheet Acréscimos
A1: Acréscimos
A6: Descrição | B6: Período | D6: Total do gasto | E6: Gasto do período a acrescer | G6: Notas
B7: Data | C7: Dias | E7: 1º Semestre | F7: Valor
A8: Locação Financeira
A9: Juros Leasing (n.º 34129) | B9: 30/04/2015 a 30/10/2015 | C9: 184 | D9: 536.81 | E9: 62 | F9: =(D9/C9)*E9 -> 180.88163
F10: =SUM(F9:F9) -> 180.88163
A12: Descrição | B12: Período | D12: Total do gasto | E12: Gasto do período a acrescer
B13: Data | C13: Dias | E13: 1º Semestre | F13: Valor
A14: FSE
A15: Água | B15: 01-04-2015 a 01-07-2015 | C15: 90 | D15: 656.39 | E15: 90 | F15: =D15 -> 656.39
A16: Comunicações | B16: 01-04-2015 a 01-07-2015 | C16: 90 | D16: 648.78 | E16: 90 | F16: =D16 -> 648.78
A17: Eletricidade | B17: 01-04-2015 a 01-07-2015 | C17: 90 | D17: 8437.81 | E17: 90 | F17: =D17 -> 8437.81
F18: =SUM(F15:F17) -> 9742.98
A20: Descrição | B20: Período | D20: Total do gasto | E20: Gasto do período a acrescer
B21: Data | C21: Dias | E21: 1º Semestre | F21: Valor
A22: Férias pagas a 15/07
A23: Orgãos Sociais | B23: 01-01-2015 a 31-12-2015 | C23: 20 | D23: 1060 | E23: 12 | F23: =(D23/C23)*E23 -> 636
A24: Pessoal | B24: 01-01-2015 a 31-12-2015 | C24: 20 | D24: 19708 | E24: 12 | F24: =(D24/C24)*E24 -> 11824.8
A25: Enargos Orgãos Sociais | B25: 01-01-2015 a 31-12-2015 | C25: 20 | D25: =D23*0.2375 -> 251.75 | E25: 12 | F25: =(D25/C25)*E25 -> 151.05
A26: Encargos Pessoal | B26: 01-01-2015 a 31-12-2015 | C26: 20 | D26: =D24*0.2375 -> 4680.65 | E26: 12 | F26: =(D26/C26)*E26 -> 2808.39
F27: =SUM(F24:F26) -> 14784.24
A29: Descrição | B29: Período | D29: Total do gasto | E29: Gasto do período a acrescer
B30: Data | C30: Dias | E30: 1º Semestre | F30: Valor
A31: Gastos com Subsidio de Natal
A32: Orgãos Sociais | B32: 01-01-2015 a 31-12-2015 | C32: 365 | D32: =D50 -> 943.4 | E32: 181 | F32: =(D32/C32)*E32 -> 467.82301
A33: Pessoal | B33: 01-01-2015 a 31-12-2015 | C33: 365 | D33: =D51 -> 15971.57 | E33: 181 | F33: =(D33/C33)*E33 -> 7920.1484
A34: Encargos Orgãos Sociais | B34: 01-01-2015 a 31-12-2015 | C34: 365 | D34: =D32*0.2375 -> 224.0575 | E34: 181 | F34: =(D34/C34)*E34 -> 111.10797
A35: Encargos Pessoal | B35: 01-01-2015 a 31-12-2015 | C35: 365 | D35: =D33*0.2375 -> 3793.2479 | E35: 181 | F35: =(D35/C35)*E35 -> 1881.0352
F36: =SUM(F32:F35) -> 10380.115
A38: Descrição | B38: Período | D38: Total do gasto | E38: Gasto do período a acrescer
B39: Data | C39: Dias | E39: 1º Semestre | F39: Valor
A40: Estimativa de Férias
A41: Orgãos Sociais | B41: 01-01-2015 a 31-12-2015 | C41: 365 | D41: 940.1 | E41: 181 | F41: =(D41/C41)*E41 -> 466.18658
A42: Pessoal | B42: 01-01-2015 a 31-12-2015 | C42: 365 | D42: 15946.25 | E42: 181 | F42: =(D42/C42)*E42 -> 7907.5925
A43: Encargos Orgãos Sociais | B43: 01-01-2015 a 31-12-2015 | C43: 365 | D43: =D41*0.2375 -> 223.27375 | E43: 181 | F43: =(D43/C43)*E43 -> 110.71931
A44: Encargos Pessoal | B44: 01-01-2015 a 31-12-2015 | C44: 365 | D44: =D42*0.2375 -> 3787.2344 | E44: 181 | F44: =(D44/C44)*E44 -> 1878.0532
F45: =SUM(F41:F44) -> 10362.552
A47: Descrição | B47: Período | D47: Total do gasto | E47: Gasto do período a acrescer
B48: Data | C48: Dias | E48: 1º Semestre | F48: Valor
A49: Estimativa do Subsidio de Férias
A50: Orgãos Sociais | B50: 01-01-2015 a 31-12-2015 | C50: 365 | D50: 943.4 | E50: 181 | F50: =(D50/C50)*E50 -> 467.82301
A51: Pessoal | B51: 01-01-2015 a 31-12-2015 | C51: 365 | D51: 15971.57 | E51: 181 | F51: =(D51/C51)*E51 -> 7920.1484
A52: Encargos Orgãos Sociais | B52: 01-01-2015 a 31-12-2015 | C52: 365 | D52: =D50*0.2375 -> 224.0575 | E52: 181 | F52: =(D52/C52)*E52 -> 111.10797
A53: Encargos Pessoal | B53: 01-01-2015 a 31-12-2015 | C53: 365 | D53: =D51*0.2375 -> 3793.2479 | E53: 181 | F53: =(D53/C53)*E53 -> 1881.0352
F54: =SUM(F50:F53) -> 10380.115
A56: Descrição | B56: Período | D56: Total do gasto | E56: Gasto do período a acrescer
B57: Data | C57: Dias | E57: 1º Semestre | F57: Valor
A58: Gastos com Férias
A59: Orgãos Sociais | B59: 01-01-2015 a 31-12-2015 | C59: 20 | D59: 936.8 | E59: 12 | F59: =(D59/C59)*E59 -> 562.08
A60: Pessoal | B60: 01-01-2015 a 31-12-2015 | C60: 20 | D60: 15900.04 | E60: 12 | F60: =(D60/C60)*E60 -> 9540.024
A61: Encargos Orgãos Sociais | B61: 01-01-2015 a 31-12-2015 | C61: 20 | D61: =D59*0.2375 -> 222.49 | E61: 12 | F61: =(D61/C61)*E61 -> 133.494
A62: Encargos Pessoal | B62: 01-01-2015 a 31-12-2015 | C62: 20 | D62: =D60*0.2375 -> 3776.2595 | E62: 12 | F62: =(D62/C62)*E62 -> 2265.7557
F63: =SUM(F59:F62) -> 12501.354
F64: =F63+F54+F45+F36+F27+F18+F10 -> 68332.236

Sheet CMVMC
A1: CMVMC
A6: Sinal | B6: Descrição | C6: Valor | D6: Notas
B7: Existências Iniciais | C7: 0
B8: Compras
A9: + | B9: Matérias Primas | C9: 133780.32
A10: + | B10: Mercadorias | C10: 20000
A11: ± | B11: Regularizações | C11: 0
A12: - | B12: Existencias Finais | C12: =13689.45 -> 13689.45
A13: = | B13: CMVMC | C13: =C7+C9+C10-C12 -> 140090.87

Sheet IRC Estimado
A1: CMVMC
A6: IRC do período findo a 30 de junho de 2015
A7: Descrição | B7: Valor | C7: Justificação legal | D7: Notas
A8: RAI | B8: =Folha1!B14 -> 244065.29
A10: Correções fiscais
A11: Depreciações não aceites | B11: =D14 -> 1218.955 | C11: 34.º, n.º 1, al. e) alterada pela Lei n.º 82-D/2014, de 31.12
C12: Calculos Auxiliares: | D12: =34751.64-25000 -> 9751.64
D13: =D12/4 -> 2437.91
D14: =(D13/12)*6 -> 1218.955
A15: Seguro de vida n.º 16104 | B15: =Diferimentos!F9 -> 865.74 | C15: Não cumprimento da al. a), n.º 4, art.º 43.º
A16: Quotizações a favor da associação empresarial ACISE | B16: =D19 -> -1887.2883 | C16: Art.º 44.º, n.º 1 e n.º 2
C17: Calculos Auxiliares: Limite | D17: ='Balancete Ajustado'!I136*0.002 -> 656.46172
C18: Majoração | D18: =D17*0.5 -> 328.23086
C19: Base Fiscal | D19: =D17-Diferimentos!F16 -> -1887.2883
A20: Desempregados de Longa Duração | B20: =-D22 -> -7488 | C20: Art.º 19.º EBF
B21: =B8+B11+B15-B16-B20 -> 255525.28 | C21: Calculos auxiliares: | D21: =780*6+780*6+936*6 -> 14976
D22: =D21*0.5 -> 7488
A23: Lucro tributável | B23: =B21 -> 255525.28 | C23: art.º 17.º
A24: Prejuízos fiscais | B24: 0 | C24: Art.º 52.º
A25: Benefícios fiscais | B25: 0 | C25: anexo D
A27: Matéria coletável | B27: =B23 -> 255525.28 | C27: Art.º 15.º
A28: Coleta | B28: =(0.17*15000)+(0.21*321559.82) -> 70077.562 | C28: Art.º 87.º
A29: Deduções à coleta | B29: 0
A31: IRC liquidado | B31: 0 | C31: n.º 9 art.º 90.º
A32: Retenções na fonte | B32: 0 | C32: al. c) n.º 2 art.º 90.º
A33: Pagamentos por conta de IRC | B33: 0 | C33: Art.º 104.º, 105.º e 107.º
A35: IRC a pagar | B35: =B28 -> 70077.562
A36: Derrama municipal (1,5% - Aveiro) | B36: =0.015*B27 -> 3832.8791 | C36: LFL n.º 18 e Ofício Circulado n.º 20186/2016
A37: Tributações autónomas | B37: =D37 -> 9668.365 | C37: Art.º 88.º nº 3-c) e nº 5 | D37: =(27280.98+342.92)*0.35 -> 9668.365
A38: Total a pagar | B38: =B35+B36+B37 -> 83578.806

Sheet Balancete Ajustado
A1: Balencete entre Meses Periodo e Acumulado
A5: Data Emissão 26/04/2016
A6: Exercício 2015
A7: Conta | B7: Descrição | C7: Valores balancete 30-06-15 | E7: Ajustamentos extra-digráficos | G7: Notas | H7: Saldo ajustados
C8: Débito | D8: Crédito | E8: Débito | F8: Crédito | H8: Saldo Devedor | I8: Saldo Credor
A9: 1 | B9: MEIOS FINANCEIROS LÍQUIDOS | D9: 0
A10: 12 | B10: Depósitos à ordem | C10: 338539.66 | D10: 0 | H10: =C10+E10 -> 338539.66
A11: 121 | B11: Banco On-Line | C11: 338539.66 | D11: 0 | H11: =C11+E11 -> 338539.66
A12: Total Classe | C12: =C11 -> 338539.66 | H12: =H11 -> 338539.66
A14: 2 | B14: CONTAS A RECEBER E A PAGAR
A15: 21 | B15: Clientes | C15: 106722 | D15: 72500 | H15: =H16+H17 -> 106722 | I15: 72500
A16: 211 | B16: Clientes c/c | C16: 40000 | H16: =C16 -> 40000 | I16: =F16 -> 0
A17: 212 | B17: Clientes-letras descontas | C17: 66722 | H17: =C17 -> 66722
A18: 218 | B18: Clientes adiantamentos | D18: 72500 | I18: 72500
A19: 22 | B19: Fornecedores | D19: 13971.74 | I19: =D19 -> 13971.74
A20: 221 | B20: Fornecedores-conta corrente | D20: 13971.74 | I20: =D20 -> 13971.74
A21: 23 | B21: Pessoal | D21: 55698.95 | I21: =D21 -> 55698.95
A22: 24 | B22: Estado e outros entes públicos | C22: 42573.76 | D22: 30021.26 | H22: 42573.76 | I22: =I23+I24+I28+I30+I31 -> 119119.07
A23: 241 | B23: Estimativa do Imposto sobre o Rendimento | F23: ='IRC Estimado'!B38 -> 83578.806 | I23: =F23 -> 83578.806
A24: 242 | B24: Retenção imposto s/ rendimento | D24: 5519 | I24: =SUM(I25:I27) -> 11038
A25: 2421 | B25: Trabalho dependente | D25: 5519 | I25: =D25 -> 5519
A26: 24211 | B26: IRS | D26: 5194 | I26: =D26 -> 5194
A27: 24212 | B27: Sobretaxa IRS | D27: 325 | I27: =D27 -> 325
A28: 243 | B28: IVA-imposto sobre o valor acrescentado | C28: 42573.76 | H28: 42573.76 | I28: =D28 -> 0
A29: 2437 | B29: IVA-a recuperar | C29: 42573.76 | H29: 42573.76 | I29: =D29 -> 0
A30: 244 | B30: Outros impostos | D30: 333.62 | I30: =D30 -> 333.62
A31: 245 | B31: Contribuições segurança social | D31: 24168.64 | I31: =D31 -> 24168.64
A32: 25 | B32: Financiamentos obtidos | D32: 99794.06 | I32: =D33 -> 99794.06
A33: 251 | B33: Instituições crédito e soc. financeiras | D33: 99794.06 | I33: =SUM(I35:I36) -> 33072.06
A34: 2511 | B34: Emprestimos bancários | D34: 58 | I34: =D34 -> 58
A35: 25111 | B35: Cartão de crédito | D35: 58 | I35: =D35 -> 58
A36: 2513 | B36: Locações financeiras | D36: 33014.06 | I36: =D36 -> 33014.06
A37: 2514 | B37: Letras | D37: 66722 | I37: =D37 -> 66722
A38: 27 | B38: Outras contas a receber e a pagar | H38: =C38 -> 0 | I38: =I39 -> 68332.236
A39: 272 | B39: Devedores e credores por acréscimos | F39: =Acréscimos!F64 -> 68332.236 | I39: =F39 -> 68332.236
A40: 2722 | B40: Credores por acréscimos de gastos
A41: 27221 | B41: Remuneração de ferias | E41: =Acréscimos!F41+Acréscimos!F42 -> 8373.779
A42: 27222 | B42: Subsidio de férias | E42: =Acréscimos!F50+Acréscimos!F51 -> 8387.9714
A43: 27223 | B43: Encargos com a SS | E43: =Acréscimos!F43+Acréscimos!F44+Acréscimos!F52+Acréscimos!F53+Acréscimos!F34+Acréscimos!F35 -> 5973.0589
A44: 27225 | B44: Sub. De natal | E44: =Acréscimos!F32+Acréscimos!F33 -> 8387.9714
A45: 28 | B45: Diferimentos | E45: =Diferimentos!H18 -> 165624.92 | H45: =E45 -> 165624.92
A46: 281 | B46: Gastos a Reconhecer
A47: Total Classe | C47: =C22+C21+C15 -> 149295.76 | D47: =D32+D22+D21+D19+D15 -> 271986.01 | E47: =E45+E44+E43+E42+E41 -> 196747.7 | F47: =F23+F39 -> 151911.04 | H47: =H45+H38+H15 -> 272346.92 | I47: =I38+I32+I22+I21+I19 -> 356916.05
A49: 3 | B49: INVENTÁRIOS E ATIVOS BIOLOGICOS
A50: 31 | B50: Compras | C50: 153780.32 | H50: =H51+H52 -> 153780.32 | I50: =I51+I52 -> 153780.32
A51: 311 | B51: Mercadorias | C51: 20000 | F51: 20000 | H51: =C51 -> 20000 | I51: =F51 -> 20000
A52: 312 | B52: Matérias-primas, subsid. e de consumo | C52: 133780.32 | F52: 133780.32 | H52: =C52 -> 133780.32 | I52: =F52 -> 133780.32
A53: 32 | B53: Mercadorias | E53: =CMVMC!C12 -> 13689.45 | H53: =E53 -> 13689.45
A54: Total Classe | C54: =C50 -> 153780.32 | E54: =E53 -> 13689.45 | F54: =F51+F52 -> 153780.32 | H54: =H50+H53 -> 167469.77 | I54: =I50 -> 153780.32
A56: 4 | B56: INVESTIMENTOS
A57: 41 | B57: Investimentos financeiros | C57: 344.63 | H57: =C57 -> 344.63
A58: 43 | B58: Ativos fixos tangíveis | C58: 40822.06 | H58: =H59+H60+H61+H62 -> 40822.06 | I58: =I63 -> 4820.1495
A59: 433 | B59: Equipamento básico | C59: 2038.63 | H59: =C59 -> 2038.63
A60: 434 | B60: Equipamento de transporte | C60: 34751.64 | H60: =C60 -> 34751.64
A61: 435 | B61: Equipamento administrativo | C61: 1429.87 | H61: =C61 -> 1429.87
A62: 437 | B62: Outros ativos fixos tangíveis | C62: 2601.92 | H62: =C62 -> 2601.92
A63: 438 | B63: Depreciações Acumuladas | F63: ='Mapa Depreciações'!D28 -> 4820.1495 | I63: =F63 -> 4820.1495
A64: 44 | B64: Ativos intangíveis | C64: 8806.25 | H64: =C64 -> 8806.25
A65: 448 | B65: Amortizações acumuladas | F65: ='Mapa Depreciações'!D34 -> 729.16667 | I65: =F65 -> 729.16667
A66: Total Classe | C66: =C57+C58+C64 -> 49972.94 | F66: =F63+F65 -> 5549.3162 | H66: =H57+H58+H64 -> 49972.94 | I66: =I58+I64+I65 -> 5549.3162
A68: 5 | B68: CAPITAL, RESERVAS E RESULTADOS TRANSITADOS
A69: 51 | B69: Capital | D69: 500000 | I69: =D69 -> 500000
A70: Total Classe | D70: =D69 -> 500000 | I70: =I69 -> 500000
A72: 6 | B72: GASTOS
A73: 61 | B73: Custo das Mercadorias Vendidas e Matérias Consumidas | E73: =CMVMC!C13 -> 140090.87 | H73: =E73 -> 140090.87
A74: 62 | B74: Fornecimentos e serviços externos | C74: 98324.9 | H74: =H75+H76+H77+H78+H82+H83 -> 108067.88
A75: 621 | B75: Subcontratos | C75: 56450.34 | H75: =C75 -> 56450.34
A76: 622 | B76: Serviços especializados | C76: 8038.1 | H76: =C76 -> 8038.1
A77: 623 | B77: Materiais | C77: 293.2 | H77: =C77 -> 293.2
A78: 624 | B78: Energia e fluídos | C78: 7815.01 | H78: =H79+H80+H81 -> 16909.21
A79: 6241 | B79: Electricidade | C79: 6745.08 | E79: =Acréscimos!F17 -> 8437.81 | H79: =C79+E79 -> 15182.89
A80: 6242 | B80: Combustíveis | C80: 545.62 | H80: =C80 -> 545.62
A81: 6243 | B81: Água | C81: 524.31 | E81: =Acréscimos!F15 -> 656.39 | H81: =C81+E81 -> 1180.7
A82: 625 | B82: Deslocaçoes,estadias e transportes | C82: 8 | H82: =C82 -> 8
A83: 626 | B83: Serviços diversos | C83: 25720.25 | H83: =H84+H85+H86+H87+H88+H89 -> 26369.03
A84: 6261 | B84: Rendas e alugueres | C84: 13500 | H84: =C84 -> 13500
A85: 6262 | B85: Comunicações | C85: 582.53 | E85: =Acréscimos!F16 -> 648.78 | H85: =C85+E85 -> 1231.31
A86: 6263 | B86: Seguros | C86: 1023.93 | F86: =Diferimentos!H11+Diferimentos!H12+Diferimentos!H13 -> 1181.6075 | H86: =C86 -> 1023.93 | I86: =F86 -> 1181.6075
A87: 6265 | B87: Contencioso e notariado | C87: 697 | H87: =C87 -> 697
A88: 6266 | B88: Despesas de representação | C88: 5995.19 | H88: =C88 -> 5995.19
A89: 6267 | B89: Limpeza,higiene e conforto | C89: 3921.6 | H89: =C89 -> 3921.6
A90: 63 | B90: Gastos com o pessoal | C90: 163136.04 | H90: =H91+H98+H106+H109+H110+H111 -> 242340.26
A91: 631 | B91: Remunerações dos corpos sociais | C91: 7420 | H91: =SUM(H92:H97) -> 9925.6556 | I91: =I93 -> 0
A92: 6311 | B92: Remunerações principais | C92: 7420 | H92: 7420
A93: 6312 | B93: Subsidio de Férias | F93: =Diferimentos!H21 -> 0 | I93: =F93 -> 0
A94: 6313 | B94: Férias | E94: =Acréscimos!F32+Acréscimos!F23 -> 1103.823 | H94: =E94 -> 1103.823
A95: 6314 | B95: Subsidio de Natal | E95: =Acréscimos!F32 -> 467.82301 | H95: =E95 -> 467.82301
A96: 6315 | B96: Estimativa de Férias | E96: =Acréscimos!F41 -> 466.18658 | H96: =E96 -> 466.18658
A97: 6316 | B97: Estimativa Subsidio de Férias | E97: =Acréscimos!F50 -> 467.82301 | H97: =E97 -> 467.82301
A98: 632 | B98: Remunerações do pessoal | C98: 104528.66 | H98: =H100+H102+H99+H103+H104+H105 -> 149641.37 | I98: =I101 -> 0
A99: 6321 | B99: Pessoal de produção
A100: 63211 | B100: Remunerações principais | C100: 104528.66 | H100: 104528.66
A101: 63213 | B101: Subsidio de Férias | F101: =Diferimentos!H22 -> 0 | I101: =F101 -> 0
A102: 63214 | B102: Férias | E102: =Acréscimos!F60+Acréscimos!F24 -> 21364.824 | H102: =E102 -> 21364.824
A103: 63215 | B103: Subsidio de Natal | E103: =Acréscimos!F33 -> 7920.1484 | H103: =E103 -> 7920.1484
A104: 63216 | B104: Estimativa de Férias | E104: =Acréscimos!F42 -> 7907.5925 | H104: =E104 -> 7907.5925
A105: 63217 | B105: Estimativa Subsidio de Férias | E105: =Acréscimos!F51 -> 7920.1484 | H105: =E105 -> 7920.1484
A106: 635 | B106: Encargos sobre remunerações | C106: 24991.4 | H106: =SUM(H107:H108) -> 36323.149
A107: 6351 | B107: Orgãos sociais | C107: 1805 | E107: =Acréscimos!F34+Acréscimos!F43+Acréscimos!F52+Acréscimos!F61+Acréscimos!F25 -> 617.47924 | F107: =Diferimentos!H23 -> 0 | H107: =C107+E107 -> 2422.4792 | I107: =F107 -> 0
A108: 6352 | B108: Pessoal de produção | C108: 23186.4 | E108: =Acréscimos!F62+Acréscimos!F53+Acréscimos!F44+Acréscimos!F35+Acréscimos!F26 -> 10714.269 | F108: =Diferimentos!H24 -> 0 | H108: =C108+E108 -> 33900.669 | I108: =F108 -> 0
...

Sheet Folha1
A1: RUBRICAS | B1: PERÍODOS | D1: NOTAS
B2: 1º Semestre | C2: 2º Semestre
A3: RENDIMENTOS E GASTOS
A5: Vendas e serviços prestados | B5: ='Balancete Ajustado'!I128+'Balancete Ajustado'!I130 -> 325037.64 | D5: 13
A6: Custo das mercadorias vendidas e das matérias consumidas | B6: =-CMVMC!C13 -> -140090.87 | D6: 5
A7: Fornecimentos e serviços externos | B7: =-'Balancete Ajustado'!H74+'Balancete Ajustado'!I86+'Balancete Ajustado'!H70 -> -106886.27 | D7: 14
A8: Gastos com o pessoal | B8: =-'Balancete Ajustado'!H110+'Balancete Ajustado'!I113+'Balancete Ajustado'!I109+'Balancete Ajustado'!H109+'Balancete Ajustado'!H106+'Balancete Ajustado'!H98+'Balancete Ajustado'!H91 -> 180811.57 | D8: 15
A9: Outros gastos e perdas. | B9: =-'Balancete Ajustado'!H118+'Balancete Ajustado'!I121 -> -2511.5762
A10: Resultados antes de depreciações, gastos de financiamento e impostos | B10: =SUM(B5:B9) -> 256360.49
A11: Gastos/reversões de depreciação e de amortização | B11: =-'Balancete Ajustado'!H115 -> -5549.3162 | D11: 6
A12: Resultado operacional (antes de gastos de financiamento e impostos) | B12: =B10+B11 -> 250811.17
A13: Juros e gastos similares suportados | B13: =-'Balancete Ajustado'!H123-'Balancete Ajustado'!H124 -> -6745.8816 | D13: 16
A14: Resultado antes de impostos | B14: =B12+B13 -> 244065.29 | D14: 2
A15: Imposto sobre o rendimento | B15: ='IRC Estimado'!B38 -> 83578.806 | D15: 2
A16: Resultado líquido do período | B16: =B14+B15 -> 327644.1 | D16: 10
